 Dungeon Crawl Stone Soup version 0.21.1-1-g345015f (webtiles) character file.

413 troglodite the Slasher (level 6, 0/48 HPs)
             Began as a Demonspawn Berserker on Mar 12, 2018.
             Was a Priest of Trog.
             Slain by a gnoll
             ... wielding a +0 spear
              (4 damage)
             ... on level 4 of the Dungeon.
             The game lasted 00:10:54 (3544 turns).

troglodite the Slasher (Demonspawn Berserker)       Turns: 3544, Time: 00:10:54

Health: 0/48       AC:  9    Str: 17    XL:     6   Next: 59%
Magic:  6/6        EV: 11    Int:  9    God:    Trog [***...]
Gold:   165        SH:  4    Dex: 14    Spells: 5/5 levels left

rFire    . . .     SeeInvis .   a - +0 falchion
rCold    + . .     Gourm    .   d - +0 buckler
rNeg     . . .     Faith    +   f - +0 ring mail
rPois    .         Spirit   .   h - +0 helmet
rElec    .         Reflect  .   (no cloak)
rCorr    .         Harm     .   (no gloves)
MR       ++...                  (no boots)
Stlth    +.........             i - amulet of faith
HPRegen  1.16/turn              (no ring)
MPRegen  0.10/turn              (no ring)

@: berserk cooldown, starving, regenerating, slowed, very slow
A: slimy green scales 2, cold resistance 1, powered by death 1
a: Berserk, Trog's Hand, Burn Spellbooks, Renounce Religion


You were on level 4 of the Dungeon.
You worshipped Trog.
Trog was most pleased with you.
You were starving.

You visited 1 branch of the dungeon, and saw 4 of its levels.

You collected 165 gold pieces.

Inventory:

Hand Weapons
 a - a +0 falchion (weapon)
Armour
 d - a +0 buckler (worn)
 f - a +0 ring mail (worn)
 h - a +0 helmet (worn)
Jewellery
 i - an amulet of faith (around neck)
 v - an uncursed ring of flight {unknown}
Scrolls
 b - a scroll of fog {unknown}
 e - 2 scrolls of amnesia {unknown}
 g - 3 scrolls of remove curse {unknown}
 l - a scroll of fear {unknown}
 n - a scroll of teleportation {unknown}
 q - 2 scrolls of magic mapping {unknown}
 t - a scroll of enchant armour {unknown}
 w - 2 scrolls of enchant weapon {unknown}
Potions
 j - 2 potions of heal wounds {unknown}
 k - a potion of invisibility {unknown}
 m - a potion of curing {unknown}
 o - a potion of lignification {unknown}
 p - a potion of haste {unknown}
 r - a potion of mutation {unknown}
 u - a potion of agility
Comestibles
 c - 6 rations


   Skills:
 * Level 3.8 Fighting
 + Level 4.4 Long Blades
 * Level 3.4 Armour
 * Level 2.6 Dodging
 + Level 1.0 Stealth
 * Level 2.2 Shields


You had 5 spell levels left.
You didn't know any spells.

Dungeon Overview and Level Annotations

Branches:
Dungeon (4/15)
 Temple: D:4-7

Altars:
Kikubaaqudgha
Qazlal
Ru
Trog
Xom
Zin


Innate Abilities, Weirdness & Mutations

You are mostly covered in slimy green scales. (AC +3)
Your flesh is cold resistant. (rC+)
You regenerate a little health from kills.


Message History

* * * LOW HITPOINT WARNING * * *
You barely miss the gnoll.
The gnoll is lightly wounded.
You are no longer berserk.
You are exhausted.
You feel yourself slow down. The gnoll barely misses you.
You riposte.
You barely miss the gnoll.
The gnoll is lightly wounded.
You barely miss the gnoll.
The gnoll is lightly wounded.
The gnoll barely misses you.
You riposte.
You barely miss the gnoll.
The gnoll is lightly wounded.
The gnoll hits you with a spear.
* * * LOW HITPOINT WARNING * * *
Unknown command.
Your skin crawls.
You feel resistant to hostile enchantments.
You are starving!
The gnoll hits you with a spear.
You die...

. ....... ... . ...g...
... ##.#### #'#
#.################ ###
#.##.............#
...#.##.............#
####.#w##)............#
#......).......^......#
#...##@##.............#
......g.##.............#
.#...#####.............#
#.. #.............# ##
#.............#
#.............#
#.............#
#.............#
#####.......###


You could see a worm and a gnoll.

Vanquished Creatures
  An ogre (D:4)
  A hound (D:4)
  3 orc wizards (D:3)
  2 orc priests (D:3)
  5 adders
  3 gnolls (D:4)
  An ooze (D:2)
  3 worms (D:2)
  2 dart slugs
  A leopard gecko (D:3)
  6 orcs (D:3)
  7 bats
  A giant cockroach (D:1)
  5 goblins
  6 hobgoblins
  5 jackals
  2 quokkas
  2 frilled lizards (D:1)
  8 kobolds
  7 rats
71 creatures vanquished.

Vanquished Creatures (others)
  A rat (D:2)
1 creature vanquished.

Grand Total: 72 creatures vanquished

Notes
Turn   | Place    | Note
-------+----------+-------------------------------------------
     0 | D:1      | troglodite the Demonspawn Berserker began the quest for the Orb.
     0 | D:1      | Reached XP level 1. HP: 18/18 MP: 1/1
    96 | D:1      | Gained mutation: You regenerate a little health from kills. [demonic ancestry]
    96 | D:1      | Reached XP level 2. HP: 21/24 MP: 2/2
   948 | D:2      | Reached skill level 3 in Long Blades
   948 | D:2      | Reached XP level 3. HP: 17/29 MP: 3/3
  1406 | D:2      | Reached ** piety under Trog
  1482 | D:2      | Found a stormy altar of Qazlal.
  1931 | D:2      | Found a bloodstained altar of Trog.
  1943 | D:2      | Found a sacrificial altar of Ru.
  1953 | D:2      | Found an ancient bone altar of Kikubaaqudgha.
  2054 | D:3      | Reached skill level 1 in Shields
  2054 | D:3      | Gained mutation: You are partially covered in slimy green scales. (AC +2) [demonic ancestry]
  2054 | D:3      | Reached XP level 4. HP: 33/35 MP: 4/4
  2389 | D:3      | Found a glowing silver altar of Zin.
  2438 | D:3      | Gained mutation: Your flesh is cold resistant. (rC+) [demonic ancestry]
  2438 | D:3      | Reached XP level 5. HP: 26/41 MP: 5/5
  2510 | D:3      | Reached skill level 4 in Long Blades
  2788 | D:3      | Reached *** piety under Trog
  2938 | D:3      | Found a shimmering altar of Xom.
  3010 | D:3      | Gained mutation: You are mostly covered in slimy green scales. (AC +3) [demonic ancestry]
  3010 | D:3      | Reached XP level 6. HP: 48/48 MP: 6/6
  3534 | D:4      | Reached skill level 1 in Stealth
  3541 | D:4      | HP: 3/72 [gnoll/spear (6)]
  3544 | D:4      | Slain by a gnoll

Skill      XL: |  1  2  3  4  5  6 |
---------------+-------------------+-----
Armour         | 2 3 |  3.4
Dodging        | 2 |  2.6
Long Blades    | 3 4 |  4.4
Shields        | 1 2 |  2.2
Stealth        | 1 |  1.0
Fighting       | |  3.8

Action                   |  1- 3 |  4- 6 || total
-------------------------+-------+-------++-------
Melee: Falchion          |   139 |   137 ||   276
Invok: Berserk           |     1 |     4 ||     5
       Trog's Hand       |       |     2 ||     2
  Eat: Chunk             |     4 |     8 ||    12
Armor: Animal skin       |     2 |       ||     2
       Ring mail         |    53 |    57 ||   110
Dodge: Dodged            |    82 |    72 ||   154
Block: Buckler           |    15 |    26 ||    41
       Rpst.: Falchion   |    23 |    22 ||    45
